 Dungeon Crawl Stone Soup version 0.27-a0-1590-g15f69828bf (webtiles) character file.

Game seed: 13457716351254373678

156 Demosthentine the Poker (level 5, 0/41 HPs)
             Began as a Merfolk Gladiator on July 18, 2021.
             Slain by an orc wizard (2 damage)
             ... on level 3 of the Dungeon.
             The game lasted 00:02:17 (2445 turns).

Demosthentine the Poker (Merfolk Gladiator)         Turns: 2445, Time: 00:02:18

Health: 0/41       AC:  5    Str: 15    XL:     5   Next: 38%
Magic:  5/5        EV: 14    Int:  7    God:
Gold:   61         SH:  0    Dex: 16    Spells: 4/4 levels left

rFire    . . .     SeeInvis .   a - +0 trident
rCold    . . .     Faith    .   (no shield)
rNeg     . . .     Spirit   .   b - +0 leather armour
rPois    .         Reflect  .   c - +0 helmet
rElec    .         Harm     .   (no cloak)
rCorr    .         Rampage  .   (no gloves)
Will     +....                  i - +0 pair of boots
Stlth    +.........             (no amulet)
HPRegen  0.13/turn              h - ring of willpower
MPRegen  0.09/turn              (no ring)

@: attractive
A: (nimble swimmer 2), mertail
a: no special abilities


You were on level 3 of the Dungeon.
You visited 1 branch of the dungeon, and saw 3 of its levels.

You collected 61 gold pieces.

Inventory:

Hand Weapons
 a - a +0 trident (weapon)
Missiles
 d - 3 throwing nets (quivered)
Armour
 b - a +0 leather armour (worn)
 c - a +0 helmet (worn)
 g - a +0 buckler
 i - a +0 pair of boots (worn)
Jewellery
 h - a ring of willpower (left hand)
Scrolls
 k - a scroll of fear


   Skills:
 + Level 3.3 Fighting
 + Level 5.4 Polearms
 - Level 2.0 Throwing
 + Level 1.4 Armour
 + Level 5.0 Dodging
 + Level 1.7 Shields


You had 4 spell levels left.
You didn't know any spells.
Your spell library contained the following spells:

 Spells                   Type           Power      Damage    Failure   Level
 Sublimation of Blood     Necr           0%         N/A       65%         2
 Wereblood                Tmut           0%         N/A       65%         2
 Summon Hydra             Summ           0%         N/A       100%        7


Dungeon Overview and Level Annotations

Branches:
Dungeon (3/15)

Altars:


Innate Abilities, Weirdness & Mutations

((You are quick and stealthy near water. (Stealth+, EV+, Speed+++)))
Your lower body shifts to a powerful aquatic tail in water.


Message History

The orc is almost dead.
The orc hits you with a +0 hand axe.
* * * LOW HITPOINT WARNING * * *
Unknown command.
It was a potion of attraction.
You feel attractive to monsters. The orc barely misses you.
You closely miss the orc.
The orc is almost dead.
The orc hits you but does no damage.
You closely miss the orc.
The orc is almost dead.
The rat twitches its whiskers.
The orc hits you with a +0 hand axe.
* * * LOW HITPOINT WARNING * * *
You hit the orc.
You kill the orc!
You hear some strange, mumbled words.
A puff of flame appears from out of thin air!
The puff of flame misses you. Something is pulled toward you!
The orc is pulled toward you!
You closely miss something. Something hits you but does no damage.
You hit something but do no damage. Something barely misses you.
Reach: a) +0 trident
Press: ? - help, Dir - move target, f - orc
Aim: an orc, wielding a +0 whip and wearing a +0 scale mail (about 35% to evade your +0 trident)
Something you can't see is in the way.
You miss something. Something hits you.
* * * LOW HITPOINT WARNING * * *
Unknown command.
Reach: a) +0 trident
Press: ? - help, Dir - move target, f/p - orc
Aim: an orc, wielding a +0 whip and wearing a +0 scale mail (about 35% to evade your +0 trident)
Something you can't see is in the way.
You puncture something! Something hits you but does no damage.
Unknown command.
Reach: a) +0 trident
Press: ? - help, Dir - move target, f/p - orc
Aim: an orc, wielding a +0 whip and wearing a +0 scale mail (about 35% to evade your +0 trident)
You reach to attack!
You hit the orc but do no damage. Something hits you.
You die...

.........o.oo)...# . #.
#####...######o.# .##.
#.....# #o.# ....
####o...o####..#
#...####o{†...........#
#.#..woo.##.....###{..#
#.....o..##.....# #...#
#......K.####.#####ro##
#...#..r{# .#.@)ooo#
#..#<#...# .#†###o.#
....#.........#. #..#
#.(.......### #. #..#
w..........# #. #..#
##...#....... .. ...#
####......## #. ##.#
#.#<.# .. .# ....#


You could see 5 orcs and a rat.

Vanquished Creatures
  An orc priest (D:3)
  An orc wizard (D:3)
  A gnoll (D:1)
  3 adders (D:2)
  2 worms (D:2)
  A dart slug (D:1)
  3 orcs (D:3)
  6 ball pythons
  3 endoplasms
  3 giant cockroaches
  A goblin (D:1)
  5 hobgoblins
  5 jackals
  3 quokkas
  7 bats
  4 frilled lizards
  4 kobolds
  3 rats
56 creatures vanquished.

Notes
Turn   | Place    | Note
-------+----------+-------------------------------------------
     0 | D:1      | Demosthentine the Merfolk Gladiator began the quest for the
                  | Orb.
     0 | D:1      | Reached XP level 1. HP: 16/16 MP: 1/1
   182 | D:1      | Reached XP level 2. HP: 23/23 MP: 2/2
   482 | D:1      | Reached XP level 3. HP: 28/28 MP: 3/3
  1370 | D:2      | Reached skill level 5 in Polearms
  1396 | D:2      | Reached skill level 1 in Armour
  1626 | D:2      | Reached XP level 4. HP: 28/34 MP: 4/4
  1770 | D:2      | Reached skill level 1 in Shields
  2381 | D:3      | HP: 1/35 [frozen (4)]
  2400 | D:3      | Reached XP level 5. HP: 28/41 MP: 5/5
  2433 | D:3      | Reached skill level 5 in Dodging
  2443 | D:3      | HP: 1/41 [something (3)]
  2445 | D:3      | Slain by an orc wizard

Illustrated notes

Levels and vault maps discovered:
D:1:      dpeg_arrival_round_c, layout_loops_ring, serial_co_window_serial,
          co_window_paths_a, co_window_corner_a, co_window_cross_1,
          co_window_of_opportunity_a, co_window_of_opportunity_a,
          co_window_corner_cb, co_window_paths_c, co_window_broadway_a,
          co_window_broadway_b, co_window_2corner, co_window_2corner
D:2:      layout_basic
D:3:      layout_loops_ring, gup_sewer_entry_bubbles, st_stairs_14

Skill      XL: |  1  2  3  4  5 |
---------------+----------------+-----
Polearms       | 5 |  5.4
Armour         | 1 |  1.4
Shields        | 1 |  1.7
Fighting       | 3 |  3.3
Dodging        | 5 |  5.0
Throwing       | |  2.0

Action                   |  1- 3 |  4- 6 || total
-------------------------+-------+-------++-------
Melee: Trident           |    94 |   104 ||   198
  Use: Scroll            |     1 |     1 ||     2
       Potion            |       |     3 ||     3
 Stab: Sleeping          |       |     1 ||     1
Armor: Leather armour    |    26 |    28 ||    54
Dodge: Dodged            |    48 |    93 ||   141

Table legend: (Time is in decaauts)
 A = Elapsed time spent in this place.
 B = Non-inter-level travel time spent in this place.
 C = Inter-level travel time spent in this place.
 D = Time resting spent in this place.
 E = Time spent auto-exploring this place.
 F = Levels seen in this place.
 G = Mean time per level.
                   A        B        C        D        E       F      G
               +--------+--------+--------+--------+--------+-----+--------+
         Total |   2453 |   2313 |    140 |      0 |   1930 |   3 |  817.7 |
       Dungeon |   2453 |   2313 |    140 |      0 |   1930 |   3 |  817.7 |
               +--------+--------+--------+--------+--------+-----+--------+

Top non-repeatable levels by time:
     D:1: 1294 daAuts
     D:2: 1076 daAuts
     D:3: 81 daAuts
